 Dungeon Crawl Stone Soup version 0.24.0-123-gd5b16e6ec5 (webtiles) character file.

Game seed: 10248911528461876777, levelgen mode: deterministic

1509 Amplified the Skirmisher (level 8, -1/64 HPs)
             Began as a Merfolk Venom Mage on Feb 4, 2020.
             Was a Believer of Wu Jian.
             Slain by a centaur (6 damage)
             ... on level 7 of the Dungeon.
             The game lasted 00:12:20 (5945 turns).

Amplified the Skirmisher (Merfolk Venom Mage)       Turns: 5945, Time: 00:12:22

Health: -1/64      AC:  6    Str:  9    XL:     8   Next: 82%
Magic:  23/23      EV: 12    Int: 14    God:    Wu Jian [**....]
Gold:   235        SH:  0    Dex: 16    Spells: 9/15 levels left

rFire    . . .     SeeInvis .   p - -3 double sword
rCold    . . .     Gourm    .   (no shield)
rNeg     + . .     Faith    .   h - +2 leather armour {MR+}
rPois    .         Spirit   .   (no helmet)
rElec    .         Reflect  .   j - +0 cloak
rCorr    .         Harm     .   (no gloves)
MR       +....                  (no boots)
Stlth    ++........             (no amulet)
HPRegen  0.20/turn              e - ring of magical power
MPRegen  0.18/turn              u - ring of positive energy

@: no status effects
A: change form in water, swift swim, stealthy swim
a: Wall Jump, Renounce Religion


You were on level 7 of the Dungeon.
You worshipped Wu Jian.
Wu Jian was pleased with you.
You were not hungry.

You visited 1 branch of the dungeon, and saw 7 of its levels.

You collected 305 gold pieces.
You spent 70 gold pieces at shops.

Inventory:

Hand Weapons
 m - a -3 longbow
 p - a -3 double sword (weapon)
 q - a -3 demon blade
 r - a -3 eveningstar
 s - a -2 triple crossbow
 t - a -1 triple sword
Armour
 h - a +2 leather armour of magic resistance (worn)
 j - a +0 cloak (worn)
Jewellery
 d - an uncursed ring of ice
 e - a ring of magical power (left hand)
 u - a ring of positive energy (right hand)
Wands
 k - a wand of digging (6)
Scrolls
 l - 2 scrolls of remove curse
 o - 4 scrolls of identify
Potions
 a - a potion of magic
 i - 2 potions of brilliance
Comestibles
 c - 13 rations


   Skills:
 * Level 6.3 Fighting
 * Level 2.3 Long Blades
   Level 6.2 Polearms
 - Level 2.6 Dodging
 - Level 2.1 Stealth
 + Level 4.2 Spellcasting
 + Level 3.3 Conjurations
 + Level 5.6 Poison Magic


You had 9 spell levels left.
You knew the following spells:

 Your Spells              Type           Power        Failure   Level  Hunger
a - Sting                 Conj/Pois      ###.         4%          1    None
b - Poisonous Vapours     Pois/Air       ##....       13%         2    ##.....
c - Mephitic Cloud        Conj/Pois/Air  ##......     24%         3    ###....

Your spell library contained the following spells:

 Spells                   Type           Power        Failure   Level  Hunger
 Animate Skeleton         Necr           N/A          26%         1    None
 Pain                     Necr           #...         26%         1    None
 Olgreb's Toxic Radiance  Pois           ###.....     26%         4    ####...
 Regeneration             Chrm/Necr      #.........   63%         3    ###....
 Vampiric Draining        Necr           #.........   63%         3    ###....
 Venom Bolt               Conj/Pois      ###.......   75%         5    ######.
 Animate Dead             Necr           N/A          95%         4    ####...


Dungeon Overview and Level Annotations

Branches:
Dungeon (7/15)             Temple (0/1) D:5

Altars:
Ashenzari
Qazlal
Wu Jian

Shops:
D:6 *

Annotations:
D:3 2 transporters, MisterOstroum's ghost, amateur DgSu


Message History

Evoke which item? (* to show all) (? for menu, Esc to quit)
Okay, then.
You hit the centaur but do no damage.
The centaur is heavily wounded.
The centaur hits you but does no damage.
The centaur misses you.
Unknown command.
Okay, then.
Okay, then.
Okay, then.
Aiming: Wall Jump
Press: ? - help, Dir - move target cursor You repeatedly attack the centaur from above.
The ogre shouts!
You hit the centaur but do no damage.
The centaur is heavily wounded.
You slash the centaur!
The centaur is almost dead.
The centaur misses you. The centaur hits you.
You die...

##........
#.#####.. #..#
##.## #..# ...
##.###....
######....O...
#.°○○...#.....
#.○@○.........
#(c○°)........
#.......####..
#..$....# #
#.......#
#########


You could see an ogre and a centaur.

Vanquished Creatures
  Edmund (D:6)
  An ice beast (D:5)
  A black bear (D:6)
  A phantom (D:7)
  A big kobold (D:3)
  3 bullfrogs
  A wyvern zombie (D:6)
  A water moccasin zombie (D:7)
  A scorpion (D:6)
  A howler monkey (D:6)
  A bullfrog zombie (D:6)
  2 hounds (D:6)
  Ijyb (D:4)
  4 worker ants
  5 orc wizards
  2 hound skeletons (D:4)
  6 adders
  10 gnolls
  An adder zombie (D:6)
  4 worms
  4 dart slugs
  3 leopard geckos
  20 orcs
  5 giant cockroaches
  8 goblins
  8 hobgoblins
  2 jackals (D:1)
  2 quokkas
  2 ball pythons
  9 bats
  2 frilled lizards
  A jackal skeleton (D:4)
  7 kobolds
  A leopard gecko zombie (D:6)
  A quokka zombie (D:6)
  9 rats
132 creatures vanquished.

Notes
Turn   | Place    | Note
-------+----------+-------------------------------------------
     0 | D:1      | Amplified the Merfolk Venom Mage began the quest for the
                  | Orb.
     0 | D:1      | Reached XP level 1. HP: 13/13 MP: 3/3
   142 | D:1      | Reached skill level 1 in Fighting
   142 | D:1      | Reached skill level 1 in Conjurations
   142 | D:1      | Reached XP level 2. HP: 13/21 MP: 0/5
   757 | D:1      | Learned a level 2 spell: Poisonous Vapours
   851 | D:1      | Reached XP level 3. HP: 20/26 MP: 6/6
  1151 | D:2      | Found an ornate altar of the Wu Jian Council.
  1410 | D:2      | Became a worshipper of the Wu Jian Council
  1712 | D:2      | Reached XP level 4. HP: 25/33 MP: 7/7
  2400 | D:3      | Reached XP level 5. HP: 27/40 MP: 8/8
  2423 | D:3      | Reached * piety under Wu Jian
  2423 | D:3      | Reached skill level 1 in Polearms
  2434 | D:3      | Found a transporter.
  2434 | D:3      | Noticed MisterOstroum's ghost (amateur DgSu)
  2438 | D:3      | Found a transporter.
  2771 | D:3      | Noticed a big kobold
  2777 | D:3      | Killed a big kobold
  2777 | D:3      | Reached XP level 6. HP: 39/47 MP: 10/10
  3783 | D:4      | Found a shattered altar of Ashenzari.
  3797 | D:4      | Noticed Ijyb
  3801 | D:4      | Killed Ijyb
  3924 | D:4      | Found a stormy altar of Qazlal.
  3927 | D:4      | Reached XP level 7. HP: 38/54 MP: 11/11
  4082 | D:5      | Entered Level 5 of the Dungeon
  4197 | D:5      | Found a staircase to the Ecumenical Temple.
  4331 | D:6      | Noticed Edmund
  4346 | D:6      | Killed Edmund
  4346 | D:6      | Reached skill level 5 in Fighting
  4346 | D:6      | Reached skill level 5 in Polearms
  4407 | D:6      | Reached skill level 5 in Poison Magic
  4415 | D:6      | Reached XP level 8. HP: 40/62 MP: 11/13
  4440 | D:6      | Reached ** piety under Wu Jian
  4694 | D:6      | Found Ovucsuf's Lightly-Used Armoury.
  4702 | D:6      | Bought a -3 double sword for 1 gold piece
  4702 | D:6      | Bought a -3 demon blade for 1 gold piece
  4702 | D:6      | Bought a -3 eveningstar for 1 gold piece
  4702 | D:6      | Bought a -2 triple crossbow for 1 gold piece
  4702 | D:6      | Bought a -1 triple sword for 65 gold pieces
  4713 | D:6      | Bought a -3 longbow for 1 gold piece
  5243 | D:6      | Reached skill level 1 in Long Blades
  5874 | D:7      | Learned a level 3 spell: Mephitic Cloud
  5945 | D:7      | Slain by a centaur

Levels and vault maps discovered:
D:1:      mrwooster_arrival_statue_2, layout_basic, chequers_serial_rivers_marsh
D:2:      layout_basic, lemuel_doored_altar, first_ration
D:3:      layout_loops_ring, nicolae_overflow_hidden_temple,
          gammafunk_ghost_mausoleum
D:4:      layout_cave_pools, lemuel_crystal_altar, lemuel_round_altar,
          uniq_crazy_yiuf_cottage, uniq_ijyb
D:5:      layout_loops_ring, temple_doors_e, biasface_ghost_orc_armoury
D:6:      mumra_celtic_spiral_tile, layout_cave_pools, minmay_shop_damaged,
          uniq_edmund
D:7:      layout_rooms, tgw_trog, basic_altar

Skill      XL: |  1  2  3  4  5  6  7  8 |
---------------+-------------------------+-----
Fighting       | 1 2 3 4 5 6 |  6.3
Conjurations   | 1 2 3 |  3.3
Polearms       | 2 3 5 6 |  6.2
Poison Magic   | 4 5 |  5.6
Spellcasting   | 3 4 |  4.2
Long Blades    | 2 |  2.3
Dodging        | |  2.6
Stealth        | |  2.1

Action                   |  1- 3 |  4- 6 |  7- 9 || total
-------------------------+-------+-------+-------++-------
Melee: Short sword       |   104 |    40 |       ||   144
       Unarmed           |     5 |       |       ||     5
       Spear             |       |   124 |   120 ||   244
       Double sword      |       |       |   106 ||   106
 Cast: Sting             |    24 |     3 |       ||    27
       Poisonous Vapours |    10 |    34 |    31 ||    75
Invok: Lunge             |     3 |     2 |     1 ||     6
       Whirlwind         |       |     2 |     1 ||     3
 Abil: Wall Jump         |       |       |     1 ||     1
  Use: Potion            |     2 |     4 |     8 ||    14
       Scroll            |     2 |     4 |     4 ||    10
 Stab: Sleeping          |     4 |     3 |     4 ||    11
  Eat: Chunk             |     3 |     7 |     7 ||    17
       Ration            |       |     1 |     1 ||     2
Armor: Robe              |    28 |    11 |       ||    39
       Skin              |    24 |       |    55 ||    79
       Ring mail         |       |    18 |       ||    18
       Leather armour    |       |     5 |    62 ||    67
Dodge: Dodged            |    82 |    94 |   159 ||   335
       Rpst.: Double sword |       |       |    30 ||    30
